 Dungeon Crawl Stone Soup version 0.28.0-53-g5a82cb258f (webtiles) character file.

Game seed: 5210093649907875508

280 Sin92 the Skirmisher (level 6, -1/48 HPs)
             Began as a Demonspawn Fighter on July 26, 2022.
             Slain by an orc warrior
             ... wielding a +0 battleaxe
              (7 damage)
             ... on level 4 of the Dungeon.
             The game lasted 00:03:35 (2913 turns).

Sin92 the Skirmisher (Demonspawn Fighter)           Turns: 2913, Time: 00:03:36

Health: -1/48      AC: 14    Str: 19    XL:     6   Next: 5%
Magic:  8/8        EV:  7    Int:  9    God:
Gold:   153        SH:  5    Dex: 18    Spells: 8/8 levels left

rFire   . . .      SeeInvis .   a - +2 war axe
rCold   . . .      Faith    .   c - +0 buckler
rNeg    . . .      Spirit   .   g - +0 chain mail
rPois   .          Reflect  .   (no helmet)
rElec   .          Harm     .   s - +0 cloak
rCorr   .          Rampage  .   (no gloves)
Will    .....                   (no boots)
Stlth   ..........              (no amulet)
HPRegen 0.16/turn               e - +6 ring of dexterity
MPRegen 0.11/turn               m - +4 ring of protection

@: no status effects
A: claws 1, demonic guardian 2, spiny 1
a: no special abilities


You were on level 4 of the Dungeon.
You visited 1 branch of the dungeon, and saw 4 of its levels.

You collected 153 gold pieces.

Inventory:

Hand Weapons
 a - a +2 war axe (weapon)
Armour
 b - a +0 scale mail
 c - a +0 buckler (worn)
 g - a +0 chain mail (worn)
 s - a +0 cloak (worn)
Jewellery
 e - a +6 ring of dexterity (left claw)
 f - a ring of positive energy
 m - a +4 ring of protection (right claw)
 n - a +4 ring of evasion
Wands
 h - a wand of mindburst (23)
Scrolls
 l - 2 scrolls of identify
 q - a scroll of teleportation {unknown}
Potions
 d - 2 potions of might
 i - 4 potions of curing {unknown}
 j - a potion of lignification {unknown}
 k - a potion of cancellation {unknown}
 o - a potion of mutation {unknown}
 p - a potion of haste {unknown}
 r - a potion of flight


   Skills:
 + Level 3.8 Fighting
 * Level 3.4 Axes
 + Level 3.3 Armour
 + Level 1.7 Dodging
 + Level 3.4 Shields
 + Level 1.7 Spellcasting


You had 8 spell levels left.
You didn't know any spells.
Your spell library contained the following spells:

 Spells                   Type           Power      Damage    Failure   Level
 Gell's Gravitas          Tloc           0%         N/A       100%        3
 Teleport Other           Tloc           0%         N/A       100%        3
 Dispersal                Tloc           0%         N/A       100%        6


Dungeon Overview and Level Annotations

Branches:
Dungeon (4/15)
 Temple: D:4-7

Altars:

Shops:
D:1 ?


Innate Abilities, Weirdness & Mutations

You have sharp fingernails.
A demonic guardian rushes to your aid.
You are partially covered in sharp spines.


Message History

You see here a ball python corpse.
An orc warrior comes into view. It is wielding a +0 battleaxe.
The orc warrior shouts!
An orc comes into view. It is wielding a +0 whip.
An orc comes into view. It is wielding a +0 dagger.
The orc shouts! x2; You hear a shout!
An orc comes into view. It is wielding a +0 whip.
There are monsters nearby!
There are monsters nearby!
The orc warrior hits you but does no damage.
There are monsters nearby!
You hit the orc warrior.
The orc warrior is lightly wounded.
You slash the orc!
You kill the orc!
You hit the orc warrior.
The orc warrior is moderately wounded.
You completely miss the orc.
The orc warrior hits you with a +0 battleaxe!
The orc is struck by your spines. The orc barely misses you.
Okay, then.
As you read the scroll of enchant weapon, it crumbles to dust.
Your +1 war axe glows red for a moment.
The orc jeers loudly, as Orcs often do.
The orc warrior hits you with a +0 battleaxe!
You barely miss the orc warrior.
The orc warrior is moderately wounded.
The orc warrior hits you with a +0 battleaxe!
The orc warrior hits you but does no damage.
You hit the orc warrior.
The orc warrior is moderately wounded.
The orc warrior hits you with a +0 battleaxe!
* * * LOW HITPOINT WARNING * * *
A demonic guardian appears!
You barely miss the orc warrior.
The orc warrior is moderately wounded.
The orc warrior hits you but does no damage.
The orc warrior is struck by your spines.
The orc warrior hits you with a +0 battleaxe!
You die...

......†..........#
#.#'#.#..........#
#.#.#.#..........#
.<#.#.#..........#
#.#.#+#..........#####
......................
..#....#######..######
..#....# #.4.#
.##....# #.#@#
.+#....# #.#o#
.##....#######'#oo#
......†.........#...
####............ .....
####............
.....#
'..+............
.....#
####............
....## # #............
....#


You could see an orc warrior (ally target), 2 orcs and a friendly hellwing
(summoned).

Vanquished Creatures
  A phantom (D:4)
  A hound (D:4)
  An iguana (D:4)
  2 orc wizards (D:3)
  5 adders
  An ufetubus (D:4)
  2 adder skeletons (D:4)
  A worm (D:3)
  2 dart slugs
  2 orcs
  2 endoplasms (D:2)
  3 goblins
  4 hobgoblins
  2 quokkas
  3 ball pythons
  7 bats
  A frilled lizard (D:1)
  7 kobolds
  A rat (D:3)
48 creatures vanquished.

Notes
Turn   | Place    | Note
-------+----------+-------------------------------------------
     0 | D:1      | Sin92 the Demonspawn Fighter began the quest for the Orb.
     0 | D:1      | Reached XP level 1. HP: 18/18 MP: 1/1
    53 | D:1      | Found Kathe's Magic Scroll Shop.
   201 | D:1      | Gained mutation: You have sharp fingernails. [demonic
                  | ancestry]
   201 | D:1      | Reached XP level 2. HP: 19/24 MP: 2/2
  1468 | D:2      | Gained mutation: A weak demonic guardian rushes to your
                  | aid. [demonic ancestry]
  1468 | D:2      | Reached XP level 3. HP: 28/29 MP: 3/3
  1994 | D:3      | Reached skill level 1 in Dodging
  1994 | D:3      | Reached skill level 1 in Spellcasting
  2009 | D:3      | Reached XP level 4. HP: 35/35 MP: 5/5
  2581 | D:4      | Gained mutation: You are partially covered in sharp spines.
                  | [demonic ancestry]
  2581 | D:4      | Reached XP level 5. HP: 41/41 MP: 6/6
  2592 | D:4      | Noticed a phantom
  2597 | D:4      | Killed a phantom
  2737 | D:4      | Gained mutation: A demonic guardian rushes to your aid.
                  | [demonic ancestry]
  2737 | D:4      | Reached XP level 6. HP: 48/48 MP: 8/8
  2903 | D:4      | Noticed an orc warrior
  2913 | D:4      | Slain by an orc warrior

Illustrated notes

Levels and vault maps discovered:
D:1:      amcnicky_arrival_single_pillar, layout_loops_ring, serial_shops,
          nicolae_shop_statue_plus
D:2:      layout_basic, minmay_pentomino_r2
D:3:      layout_basic
D:4:      layout_basic, kennysheep_donut

Skill      XL: |  1  2  3  4 |
---------------+-------------+-----
Axes           | 2 3 |  3.4
Dodging        | 1 |  1.7
Shields        | 3 |  3.4
Spellcasting   | 1 |  1.7
Armour         | 3 |  3.3
Fighting       | |  3.8

Action                   |  1- 3 |  4- 6 || total
-------------------------+-------+-------++-------
Melee: War axe           |    90 |    52 ||   142
  Use: Scroll            |     4 |     4 ||     8
Armor: Chain mail        |    55 |    32 ||    87
Dodge: Dodged            |    37 |    18 ||    55
Block: Buckler           |    27 |     8 ||    35
